 Dungeon Crawl Stone Soup version 0.18-a0-1577-gf591c28 (webtiles) character file.

65 Duffy the Twirler (level 4, -3/35 HPs)
             Began as a Formicid Gladiator on Mar 22, 2016.
             Slain by a gnoll
             ... wielding a +0 spear
              (5 damage)
             ... on level 2 of the Dungeon.
             The game lasted 00:01:22 (1252 turns).

Duffy the Twirler (Formicid Gladiator)              Turns: 1252, Time: 00:01:23

Health: -3/35      AC:  5    Str: 19    XL:     4   Next: 34%
Magic:  4/4        EV: 11    Int:  8    God:
Gold:   156        SH:  0    Dex: 12    Spells: 0 memorised, 3 levels left

rFire  . . .     SeeInvis +     a - +0 quarterstaff
rCold  . . .     Gourm    .     e - +0 ring mail
rNeg   . . .     Faith    .     (no shield)
rPois  .         Spirit   .     (helmet unavailable)
rElec  .         Dismiss  .     (no cloak)
rCorr  .         Reflect  .     (no gloves)
SustAt .         Harm     .     (no boots)
MR     .....                    (no amulet)
Stlth  +.........               (no ring)
                                (no ring)

@: not resistant to hostile enchantments, very unstealthy
A: permanent stasis, dig shafts and tunnels, four strong arms, antennae 3
a: Dig, Shaft Self


You were on level 2 of the Dungeon.
You were not hungry.

You visited 1 branch of the dungeon, and saw 2 of its levels.

You collected 156 gold pieces.


Innate Abilities, Weirdness & Mutations

You are under a permanent stasis effect.
You can dig through walls and to a lower floor.
Your four strong arms can wield two-handed weapons with a shield.
You have a pair of large antennae on your head (SInv).


   Skills:
 + Level 3.5 Fighting
 + Level 4.1 Staves
 - Level 2.0 Throwing
 - Level 2.6 Dodging


You had 3 spell levels left.
You didn't know any spells.

Inventory:

Hand Weapons
 a - a +0 quarterstaff (weapon)
Missiles
 c - 3 throwing nets (quivered)
Armour
 b - a +0 leather armour
 e - a +0 ring mail (worn)
Wands
 n - a wand of digging (15/24)
Scrolls
 f - a scroll of random uselessness {unknown}
 g - a scroll of identify {unknown}
 j - a scroll of enchant weapon {unknown}
 l - a scroll of teleportation {unknown}
 o - a scroll of remove curse {unknown}
Potions
 h - a potion of curing {unknown}
 k - a potion of degeneration {unknown}
 p - a potion of mutation {unknown}
Comestibles
 d - a bread ration
 i - a royal jelly
 m - 6 chunks of flesh

Dungeon Overview and Level Annotations

Branches:
Dungeon (2/15)

Altars:


Message History

You sock the gnoll!
You kill the gnoll!
The gnoll barely misses you.
You hit the gnoll.
The gnoll is heavily wounded.
You barely miss the gnoll.
The gnoll is heavily wounded.
The gnoll hits you but does no damage.
You barely miss the gnoll.
The gnoll is heavily wounded.
The gnoll hits you with a halberd!
You closely miss the gnoll.
The gnoll is heavily wounded.
The gnoll barely misses you.
You closely miss the gnoll.
The gnoll is heavily wounded.
The gnoll closely misses you.
You hit the gnoll but do no damage.
The gnoll is heavily wounded.
The gnoll closely misses you.
You hit the gnoll.
The gnoll is almost dead.
The gnoll hits you with a halberd!
You sock the gnoll!
You kill the gnoll!
Your Staves skill increases to level 4!
You have reached level 4!
You feel clever.
You sock the gnoll!
You kill the gnoll!
You hit the gnoll but do no damage. The gnoll misses you.
You hit the gnoll.
The gnoll is lightly wounded.
The gnoll hits you with a spear.
You die...

#.# #### #.####.# #...
########......# #...
.......<.###### #.#
##... ########.####
###.# #.... #....# ...##
#.#.# ####.# #...# #.#.#
#.# ### #...# #.#.. #.#
##@# #...#### #.### #)#
#g####...##.###....
##.####.>.........##....
#.......gg..............
#..####..g.........#..#.
#..# ####g..)#..#.#..#.
..... #....#.##.#....
.....# #..<.#.##.##...
#.#.#).# #.g..#.##......


You could see a gnoll.

Action                   |  1- 3 |  4- 6 || total
-------------------------+-------+-------++-------
Melee: Quarterstaff      |    96 |     3 ||    99
 Abil: Dig               |     1 |       ||     1
  Eat: Chunk             |     1 |       ||     1

Notes
Turn   | Place    | Note
--------------------------------------------------------------
     0 | D:1      | Duffy the Formicid Gladiator began the quest for the Orb.
     0 | D:1      | Reached XP level 1. HP: 16/16 MP: 1/1
    73 | D:1      | Reached XP level 2. HP: 14/23 MP: 2/2
   668 | D:1      | Reached XP level 3. HP: 28/28 MP: 3/3
   754 | D:1      | Reached skill level 3 in Fighting
  1249 | D:2      | Reached skill level 4 in Staves
  1249 | D:2      | Reached XP level 4. HP: 1/35 MP: 4/4
  1252 | D:2      | Slain by a gnoll

Vault maps used:
D:1:      eino_arrival_cavern_d, minmay_gold_behind_fungi

Vanquished Creatures
  3 gnolls
  2 dart slugs
  3 bats
  2 giant cockroaches
  3 goblins
  4 hobgoblins
  4 jackals
  4 kobolds
  A giant newt
  6 rats
  2 fungi
34 creatures vanquished.
